Cogmind - Beta 12 --- EXPLORER MODE // 2023.06.25 @ 12:24:52 // Winter2022/Polymind Player: Minty Result: Destroyed by Alpha 7 with Multirail Performance ------------- Evolutions (8) 4000 Regions Visited (16) 3200 Robots Destroyed (114) 570 Value Destroyed (5339) 5339 Prototype IDs (23) 460 Alien Tech Used (0) 0 Bonus (10573) 10573 TOTAL SCORE: 23782 Bonus ------- Polymind Skill 7041 High Alert Combat Kills 386 Follower Combat Kills 646 Scanned by Researcher 500 Met Sigix 2000 Cogmind --------- Core Integrity 0/1450 Matter 0/0 Energy 25/25 System Corruption 5% Temperature Cool (0) Movement Core (50) Location -2/Section 7 Parts ------- > --- POWER (1) -------- (None) > --- PROPULSION (2) --- (None) > --- UTILITY (1) ------ Hacking Suite > --- WEAPON (1) ------- Datajack > --- INVENTORY (1) ---- (None) Peak State ------------ > --- POWER ------------ Improved Quantum Reactor Improved Quantum Reactor > --- PROPULSION ------- High-density Centrium Leg High-density Centrium Leg High-density Centrium Leg > --- UTILITY ---------- Experimental Cooling System Experimental Cooling System Experimental Cooling System Advanced Particle Charger Experimental Weapon Cycler Experimental Thermal Shield > --- WEAPON ----------- Enhanced Force Rifle Advanced Variable Charge Gun Precision Phase Gun > --- INVENTORY -------- (None) [Rating: 124] Favorites ----------- Power Micro Nuclear Core Engine Improved Ion Engine Power Core Micro Nuclear Core Reactor Quantum Reactor Propulsion Light Treads Treads Light Treads Leg Enhanced Biometal Leg Wheel Wheel Hover Unit Combat Airjet Flight Unit Flight Unit Utility Improved Heat Sink Device Improved Heat Sink Storage Small Storage Unit Processor Target Analyzer Hackware Hacking Suite Protection Light Armor Plating Weapon Remote Datajack Energy Gun Beam Rifle Energy Cannon EMDS Ballistic Gun Heavy Assault Rifle Ballistic Cannon Hardcell Cannon Launcher Mini Grenade Launcher Special Weapon Remote Datajack Special Melee Weapon Datajack Build | -11 -10 -9 -9 -8 -8 -8 -6 -5 -4 -4 -4 -3 -3 -2 -2 -2 ------- Run | Jun Mat Mat Min Mat Sto Rec Fac Fac Fac Upp Upp Res Qua Res Tes Sec Slots Evolved . | . . . . . . . . . . . . . . . . . Power . | . . . . . . . . . . . . . . . . . Propulsion . | . . . . . . . . . . . . . . . . . Utility . | . . . . . . . . . . . . . . . . . Weapon . | . . . . . . . . . . . . . . . . . Parts Attached . | . . . . . . . . . . . . . . . . . Power . | . . . . . . . . . . . . . . . . . Engine . | . . . . . . . . . . . . . . . . . Core . | . . . . . . . . . . . . . . . . . Reactor . | . . . . . . . . . . . . . . . . . Propulsion . | . . . . . . . . . . . . . . . . . Treads . | . . . . . . . . . . . . . . . . . Leg . | . . . . . . . . . . . . . . . . . Wheel . | . . . . . . . . . . . . . . . . . Hover . | . . . . . . . . . . . . . . . . . Flight . | . . . . . . . . . . . . . . . . . Utility . | . . . . . . . . . . . . . . . . . Device . | . . . . . . . . . . . . . . . . . Storage . | . . . . . . . . . . . . . . . . . Processor . | . . . . . . . . . . . . . . . . . Hackware . | . . . . . . . . . . . . . . . . . Protection . | . . . . . . . . . . . . . . . . . Artifact . | . . . . . . . . . . . . . . . . . Weapon . | . . . . . . . . . . . . . . . . . Energy Gun . | . . . . . . . . . . . . . . . . . Energy Cannon . | . . . . . . . . . . . . . . . . . Ballistic Gun . | . . . . . . . . . . . . . . . . . Ballistic Cannon . | . . . . . . . . . . . . . . . . . Launcher . | . . . . . . . . . . . . . . . . . Special Weapon . | . . . . . . . . . . . . . . . . . Impact Weapon . | . . . . . . . . . . . . . . . . . Slashing Weapon . | . . . . . . . . . . . . . . . . . Piercing Weapon . | . . . . . . . . . . . . . . . . . Special Melee Weapon . | . . . . . . . . . . . . . . . . . Unidentified Prototypes . | . . . . . . . . . . . . . . . . . Parts Lost 37 | . 3 . . 5 . . 5 5 . . 2 1 . 2 11 3 Power 8 | . 1 . . 2 . . 1 . . . 1 . . . 2 1 Propulsion 8 | . 1 . . . . . 2 2 . . . . . . 1 2 Utility 9 | . . . . 2 . . 1 1 . . . 1 . 1 3 . Weapon 12 | . 1 . . 1 . . 1 2 . . 1 . . 1 5 . Highest Loss Streak 5 | . 3 . . 2 . . 2 5 . . 2 1 . 1 3 2 To Critical Strikes 1 | . . . . . . . . . . . . . . . . 1 Average Slot Usage (%) 70 | . 76 98 84 60 80 100 79 62 44 44 40 45 83 81 76 87 Engine 3 | . 18 11 12 9 . . . . . . . . . . . 15 Core 4 | . . . . . 9 16 6 11 11 11 9 3 2 . 1 . Reactor 1 | . . . . . . . . . . . . . 6 9 8 . Treads 4 | . . 24 6 . . . . . . . . 7 . . . . Leg 6 | . . . . . 19 33 17 . . . . . 12 18 14 . Wheel 1 | . . . . 17 20 . . . . . . . . . . . Hover 3 | . . . 19 13 . . 7 7 . . . . 5 . 2 34 Flight 1 | . 39 . . . . . . . . . . . . . 1 . Device 14 | . . 24 6 . . . 7 14 11 11 10 15 27 36 24 . Processor 6 | . . . 9 6 9 16 7 11 11 11 10 . 11 9 6 . Protection 3 | . . 11 12 3 . . . . . . . 7 6 1 . . Energy Gun 3 | . . 11 3 . . . 7 7 . . . . . . 9 . Energy Cannon 1 | . . . . . . . . . . . . 3 6 8 . . Ballistic Gun 6 | . 18 11 3 . 19 33 22 . . . . 3 . . . . Special Weapon 3 | . . . . . . . 3 11 11 11 9 . 2 . 1 . Naked Turns 465 | . 36 1 7 43 . . 1 . . . 35 215 30 . 87 10 Heaviest Build 89 | . 4 18 18 9 11 11 17 17 10 10 10 89 49 49 60 4 Greatest Support 140 | 3 8 40 40 24 30 30 30 18 3 3 3 140 60 60 96 12 Greatest Overweight (x) 3 | . . . . . . . . 3 3 3 3 . . . 1 . Average Overweight (x) . | . . . . . . . . 1 3 3 1 . . . . . Largest Inventory Capacity 9 | . . 1 1 1 1 1 5 5 5 5 5 1 9 1 9 1 Average Capacity 2 | . . . . . 1 1 2 5 5 5 4 . 2 1 1 . Most Carried 4 | . . . . . . . . . . . . . 2 . 4 . Average Carried . | . . . . . . . . . . . . . . . . . Final Capacity 5 | . . 1 1 1 1 1 5 5 5 5 . . 1 1 . 1 Final Carried . | . . . . . . . . . . . . . . . . . Class Distribution -------------------- 29% | Programmer 24% | Hunter 15% | Sentry 6% | Cogmind 5% | Behemoth 3% | Demolisher 3% | Operator Dominant Class ---------------- Swarmer | -10/Materials Sentry | -9/Materials Demolisher | -9/Mines Demolisher | -8/Materials Hunter | -8/Storage Hunter | -8/Recycling Hunter | -6/Factory Programmer | -5/Factory Programmer | -4/Factory Programmer | -4/Upper Caves Programmer | -4/Upper Caves Behemoth | -3/Research Hunter | -3/Quarantine Hunter | -2/Research Hunter | -2/Testing Operator | -2/Section 7 Resources | -11 -10 -9 -9 -8 -8 -8 -6 -5 -4 -4 -4 -3 -3 -2 -2 -2 ----------- Run | Jun Mat Mat Min Mat Sto Rec Fac Fac Fac Upp Upp Res Qua Res Tes Sec Matter Collected 1494 | . 24 105 175 58 38 33 206 . . . . 285 103 158 309 . Remotely . | . . . . . . . . . . . . . . . . . Salvage Created 4311 | . 30 453 42 266 44 . 669 . . . . 522 587 458 1240 . Parts 242 | . 15 35 . 22 9 . 38 3 . . . 23 22 14 61 . Haulers Intercepted 3 | . . . . 1 1 . . . . . . . . 1 . . Recyclers Shooed 1 | . . . . . . . . . . . . . . 1 . . Parts Field Recycled . | . . . . . . . . . . . . . . . . . Retrieved Matter . | . . . . . . . . . . . . . . . . . Parts Self-Destructed . | . . . . . . . . . . . . . . . . . Prevented . | . . . . . . . . . . . . . . . . . Kills | -11 -10 -9 -9 -8 -8 -8 -6 -5 -4 -4 -4 -3 -3 -2 -2 -2 ------- Run | Jun Mat Mat Min Mat Sto Rec Fac Fac Fac Upp Upp Res Qua Res Tes Sec Combat Hostiles Destroyed 89 | . 4 12 15 8 2 . 7 1 . . . 9 6 5 20 . Guns 39 | . 4 12 . . 2 . 7 1 . . . 1 . . 12 . Cannons 12 | . . . . . . . . . . . . 5 1 2 4 . AOE 23 | . . . 15 8 . . . . . . . . . . . . Classes Destroyed 20 | . 4 3 1 2 . . 3 . . . . 3 . . 4 . Worker 11 | . 1 2 . 2 . . 1 . . . . . 1 . 4 . Builder 12 | . . 1 . 1 . . 5 . . . . 1 3 . 1 . Tunneler 2 | . . . . . . . 2 . . . . . . . . . Hauler 3 | . . . . 1 1 . . . . . . . . 1 . . Recycler 3 | . . . . . . . . . . . . 1 1 1 . . Operator 1 | . . . . 1 . . . . . . . . . . . . Watcher 6 | . 1 1 . 1 . . . . . . . . . 2 1 . Swarmer 11 | . 3 3 . . . . . 1 . . . . . . 4 . Grunt 24 | . 1 4 . 4 1 . 3 . . . . . 5 3 3 . Brawler 1 | . . . . . . . 1 . . . . . . . . . Duelist 2 | . . 1 . 1 . . . . . . . . . . . . Researcher 2 | . . . . . . . . . . . . . . . 2 . Sentry 11 | . . 4 . 3 1 . 2 . . . . 1 . . . . Specialist 2 | . . . . . . . . . . . . . . . 2 . Hunter 11 | . . . . . . . 1 . . . . 4 1 2 3 . Programmer 6 | . . . . . . . . . . . . 3 . . 3 . Behemoth 1 | . . . . . . . . . . . . 1 . . . . Lightning 1 | . . . . . . . . . . . . . . . 1 . Striker 2 | . . . . . . . . . . . . . . . 2 . Alpha 7 2 | . . . . . . . . . . . . . . . 2 . Assembled 15 | . . . 15 . . . . . . . . . . . . . Best Kill Streak 14 | . 3 5 14 7 2 . 6 1 . . . 7 4 4 7 . Combat Bots Only 14 | . 3 2 14 4 1 . 2 1 . . . 5 3 3 6 . Max Kills in Single Turn 5 | . 1 1 5 3 1 . 2 1 . . . 2 1 2 2 . Gunslinging . | . . . . . . . . . . . . . . . . . Exploded 5 | . . . 5 2 . . . . . . . . . . . . Melee . | . . . . . . . . . . . . . . . . . Uniques/NPCs Destroyed . | . . . . . . . . . . . . . . . . . Combat | -11 -10 -9 -9 -8 -8 -8 -6 -5 -4 -4 -4 -3 -3 -2 -2 -2 -------- Run | Jun Mat Mat Min Mat Sto Rec Fac Fac Fac Upp Upp Res Qua Res Tes Sec Damage Taken 9685 | . 291 314 188 850 40 . 819 397 . . 330 1763 265 385 3839 204 Core 3130 | . 133 80 86 401 18 . 187 148 . . 288 261 77 76 1284 91 Absorbed by Shields . | . . . . . . . . . . . . . . . . . Redirected to Shielding 108 | . . . . . . . . . . . . . 88 20 . . Core Remaining (%) 67 | 100 46 . 58 . . 23 78 85 . . 74 . 74 . . . Volleys Fired 378 | . 51 34 14 25 5 . 48 6 . . . 37 21 28 109 . Largest 3 | . 1 2 2 1 2 . 2 2 . . . 3 1 1 3 . Hottest 415 | . 20 79 79 30 48 . 100 100 . . . 205 70 70 415 . Shots Fired 600 | . 51 68 15 25 9 . 93 7 . . . 87 21 28 196 . Gun 417 | . 51 68 2 . 9 . 93 7 . . . 26 . . 161 . Cannon 144 | . . . . . . . . . . . . 61 21 28 34 . Launcher 38 | . . . 13 25 . . . . . . . . . . . . Special 1 | . . . . . . . . . . . . . . . 1 . Kinetic 264 | . 51 34 1 . 9 . 73 . . . . 50 . . 46 . Thermal 221 | . . 34 1 . . . . . . . . 37 . . 149 . Explosive 38 | . . . 13 25 . . . . . . . . . . . . Electromagnetic 76 | . . . . . . . 20 7 . . . . 21 28 . . Robot Hit Streak 48 | . 20 15 21 34 16 . 20 8 . . . 41 13 13 48 . Robot Miss Streak 6 | . 2 3 . 1 1 . 2 . . . . 2 1 1 6 . Penetration Max 1 | . . . . . . . . . . . . 1 1 1 . . Secondary Targets 2 | . . . . . . . 1 . . . . . . . 1 . Max Gunslinging Chain 1 | . . . . . . . 1 . . . . . . . 1 . Shots Hit Robots 516 | . 44 54 13 24 7 . 77 7 . . . 69 17 24 176 4 Core Hits 265 | . 14 23 30 26 4 . 28 3 . . . 21 11 11 94 . Critical Kills 6 | . 1 . . . 1 . 1 . . . . 3 . . . . Critical Parts Destroyed 4 | . . . . . . . 2 . . . . . . . 2 . Critical Strikes 25 | . 1 1 . . 2 . 3 1 . . . 5 4 3 5 . Burn 4 | . . 1 . . . . . . . . . . . . 3 . Meltdown 3 | . . . . . . . . . . . . 3 . . . . Destroy 8 | . 1 . . . 2 . 3 . . . . . . . 2 . Blast 2 | . . . . . . . . . . . . 2 . . . . Corrupt 8 | . . . . . . . . 1 . . . . 4 3 . . Melee Attacks 6 | . . . . . . . . . . . . . . . . 6 Impact . | . . . . . . . . . . . . . . . . . Slashing . | . . . . . . . . . . . . . . . . . Piercing . | . . . . . . . . . . . . . . . . . Sneak Attacks 3 | . . . . . . . . . . . . . . . . 3 Combat Hostiles . | . . . . . . . . . . . . . . . . . Follow-up Attacks . | . . . . . . . . . . . . . . . . . Damage Inflicted 14800 | . 356 867 955 1473 115 . 1211 107 . . . 2350 1195 1365 4806 . Guns 7232 | . 356 864 30 . 115 . 1178 107 . . . 483 . . 4099 . Cannons 5057 | . . . . . . . . . . . . 1861 1143 1346 707 . Explosions 2417 | . . . 925 1461 . . 31 . . . . . . . . . Melee . | . . . . . . . . . . . . . . . . . Ramming 94 | . . 3 . 12 . . 2 . . . . 6 52 19 . . Kinetic 3948 | . 356 431 16 . 115 . 926 . . . . 1111 . . 993 . Thermal 5524 | . . 433 14 . . . 31 . . . . 1233 . . 3813 . Explosive 2386 | . . . 925 1461 . . . . . . . . . . . . Electromagnetic 2848 | . . . . . . . 252 107 . . . . 1143 1346 . . Impact . | . . . . . . . . . . . . . . . . . Slashing . | . . . . . . . . . . . . . . . . . Piercing . | . . . . . . . . . . . . . . . . . Highest Corruption 5 | . . . . 2 2 2 2 . . . . 2 3 . 5 5 Average Corruption 2 | . . . . 2 2 2 2 . . . . 1 2 . 3 5 Corruption Purged . | . . . . . . . . . . . . . . . . . Corruption Blocked 15 | . . . . . . . . . . . . . 15 . . . Effects 37 | . . . . 1 3 7 6 . . . . 7 5 . 6 2 Message Errors 8 | . . . . . . 1 1 . . . . 1 1 . 3 1 Matter Fused 9 | . . . . . . 4 1 . . . . 2 1 . 1 . Heat Flow Errors 4 | . . . . 1 . . 1 . . . . . 1 . 1 . Energy Discharges 5 | . . . . . . . 1 . . . . 2 . . 1 1 Parts Fused 1 | . . . . . 1 . . . . . . . . . . . Data Loss (minor) 5 | . . . . . 1 1 . . . . . 1 2 . . . Alerts 2 | . . . . . . 1 . . . . . 1 . . . . Weapon Failures 3 | . . . . . 1 . 2 . . . . . . . . . Overload Shots 22 | . . . . . . . . . . . . . . . 22 . Effects 1 | . . . . . . . . . . . . . . . 1 . Heat Surge 1 | . . . . . . . . . . . . . . . 1 . Overflow Damage 244 | . . . 18 32 . . . . . . . 9 28 157 . . Projectiles 194 | . . . . . . . . . . . . 9 28 157 . . Explosions 50 | . . . 18 32 . . . . . . . . . . . . Melee . | . . . . . . . . . . . . . . . . . Knockbacks 16 | . . . . . . . . . . . . 4 1 . 11 . Impact 1 | . . . . . . . . . . . . . 1 . . . Kinetic 15 | . . . . . . . . . . . . 4 . . 11 . Secondary . | . . . . . . . . . . . . . . . . . Self-Inflicted Damage 117 | . . . 48 40 . . 23 . . . . 6 . . . . Shots 19 | . . . 10 8 . . 1 . . . . . . . . . Rammed 6 | . . 1 . 5 . . . . . . . . . . . . Targets Rammed 15 | . . 1 . 5 . . 1 . . . . . 5 3 . . Kicked 9 | . . . . . . . 1 . . . . . 5 3 . . Crushed . | . . . . . . . . . . . . . . . . . Highest Temperature 382 | . 168 38 43 228 10 . 128 13 . . . 48 120 9 382 5 Average Temperature 45 | . 54 12 27 35 6 . 22 8 . . . 17 42 9 123 3 Received Heat Transfer 1916 | . 204 159 38 450 18 . 384 . . . 27 108 51 117 351 9 Siege Activations . | . . . . . . . . . . . . . . . . . Robots Corrupted 9 | . . . . . . . . . . . . . 5 4 . . Combat Hostiles 8 | . . . . . . . . . . . . . 5 3 . . Parts Fried 22 | . . . . . . . 1 . . . . . 14 7 . . Impact Corruptions . | . . . . . . . . . . . . . . . . . Robots Melted 7 | . . . . . . . . . . . . 3 . . 4 . Combat Hostiles 7 | . . . . . . . . . . . . 3 . . 4 . Parts Melted 25 | . . 3 . . . . . . . . . 4 . . 18 . Heat Transferred 7956 | . . 1147 37 . . . 50 . . . . 1184 . . 5538 . Parts Sabotaged . | . . . . . . . . . . . . . . . . . Parts Stolen . | . . . . . . . . . . . . . . . . . Parts Stripped . | . . . . . . . . . . . . . . . . . Power Chain Reactions 1 | . . . . . . . 1 . . . . . . . . . Missiles Intercepted . | . . . . . . . . . . . . . . . . . Alert | -11 -10 -9 -9 -8 -8 -8 -6 -5 -4 -4 -4 -3 -3 -2 -2 -2 ------- Run | Jun Mat Mat Min Mat Sto Rec Fac Fac Fac Upp Upp Res Qua Res Tes Sec Peak Influence 700 | . 147 176 150 604 411 120 300 50 18 . . 300 359 429 700 350 Initial 295 | . . 41 46 41 182 113 86 7 18 . . 7 33 151 74 295 Average 192 | . 69 73 64 413 318 114 148 31 18 . . 93 171 290 413 326 Maximum Alert Level 3 | . . . . 2 2 . 1 . . . . 1 1 2 3 1 Low Security (%) 63 | . 100 100 100 14 34 100 65 100 100 . . 78 60 21 27 . Level 1 20 | . . . . 12 23 . 34 . . . . 21 39 53 12 100 Level 2 15 | . . . . 72 42 . . . . . . . . 24 55 . Level 3 . | . . . . . . . . . . . . . . . 4 . Level 4 . | . . . . . . . . . . . . . . . . . Level 5 . | . . . . . . . . . . . . . . . . . High Security . | . . . . . . . . . . . . . . . . . Max Security . | . . . . . . . . . . . . . . . . . Squads Dispatched 31 | . . 2 . 2 . . 3 . . . . 6 3 2 10 3 Investigation 10 | . . 1 . 1 . . . . . . . 2 1 . 3 2 Extermination 5 | . . . . . . . 1 . . . . 2 . 1 1 . Reinforcement 13 | . . 1 . 1 . . 1 . . . . 2 2 1 4 1 Assault . | . . . . . . . . . . . . . . . . . Garrison 3 | . . . . . . . 1 . . . . . . . 2 . Intercept . | . . . . . . . . . . . . . . . . . Searches Triggered . | . . . . . . . . . . . . . . . . . Construction Impeded 2 | . . . . . . . . . . . . 2 . . . . Haulers Reinforced 1 | . . . . . . . . . . . . . . 1 . . Active Scanning Responses . | . . . . . . . . . . . . . . . . . Cargo Convoy Interrupts . | . . . . . . . . . . . . . . . . . Stealth | -11 -10 -9 -9 -8 -8 -8 -6 -5 -4 -4 -4 -3 -3 -2 -2 -2 --------- Run | Jun Mat Mat Min Mat Sto Rec Fac Fac Fac Upp Upp Res Qua Res Tes Sec Distress Signals 9 | . . 2 . 2 1 . . . . . . . . 1 3 . Communications Jammed . | . . . . . . . . . . . . . . . . . Distress Signals . | . . . . . . . . . . . . . . . . . Times Spotted 235 | . 13 18 23 28 4 . 11 7 . . 3 17 30 18 53 10 Peak Tracking Total 9 | . 7 3 7 9 3 . 3 4 . . 2 7 7 9 6 6 Tactical Retreats 15 | . . 1 1 5 . . . . . . 1 . 3 3 . 1 Traps | -11 -10 -9 -9 -8 -8 -8 -6 -5 -4 -4 -4 -3 -3 -2 -2 -2 ------- Run | Jun Mat Mat Min Mat Sto Rec Fac Fac Fac Upp Upp Res Qua Res Tes Sec Traps Triggered 10 | . 1 2 . 2 . . . . . . . 1 2 1 1 . Indirectly . | . . . . . . . . . . . . . . . . . Trap Hack Attempts . | . . . . . . . . . . . . . . . . . Triggered . | . . . . . . . . . . . . . . . . . Disarmed 3 | . . . . . . . . . . . . . 3 . . . Reprogrammed . | . . . . . . . . . . . . . . . . . Reused . | . . . . . . . . . . . . . . . . . Traps Extracted . | . . . . . . . . . . . . . . . . . Installed . | . . . . . . . . . . . . . . . . . Triggered 1 | . . . . . . . . . . 1 . . . . . . Machines | -11 -10 -9 -9 -8 -8 -8 -6 -5 -4 -4 -4 -3 -3 -2 -2 -2 ---------- Run | Jun Mat Mat Min Mat Sto Rec Fac Fac Fac Upp Upp Res Qua Res Tes Sec Machines Disabled 24 | . . 1 12 . 1 . . . . . . 3 3 3 1 . Max in Single Turn 12 | . . 1 12 . 1 . . . . . . 1 1 1 1 . Machines Repaired . | . . . . . . . . . . . . . . . . . Machines Sabotaged . | . . . . . . . . . . . . . . . . . Overloaded Fab Kills . | . . . . . . . . . . . . . . . . . Hacking | -11 -10 -9 -9 -8 -8 -8 -6 -5 -4 -4 -4 -3 -3 -2 -2 -2 --------- Run | Jun Mat Mat Min Mat Sto Rec Fac Fac Fac Upp Upp Res Qua Res Tes Sec Machines Accessed 37 | . 1 1 . 3 3 3 . 4 . . . 4 8 1 4 5 Terminals 29 | . 1 1 . 2 3 3 . 3 . . . 2 7 . 2 5 Fabricators 1 | . . . . . . . . . . . . . . 1 . . Repair Stations 3 | . . . . . . . . 1 . . . 1 . . 1 . Recycling Units 1 | . . . . 1 . . . . . . . . . . . . Scanalyzers . | . . . . . . . . . . . . . . . . . Garrison Access 3 | . . . . . . . . . . . . 1 1 . 1 . Total Hacks 85 | . 4 3 . 7 6 6 . 8 . . . 6 18 2 9 16 Successful 52 | . 1 1 . 6 5 2 . 5 . . . 3 14 2 2 11 Failed 33 | . 3 2 . 1 1 4 . 3 . . . 3 4 . 7 5 Catastrophic 8 | . . 1 . . . 1 . . . . . 2 . . 4 . Database Lockouts . | . . . . . . . . . . . . . . . . . Manual 46 | . 4 3 . 3 2 4 . 6 . . . 4 11 . 2 7 Terminals 67 | . 4 3 . 4 6 6 . 7 . . . 2 15 . 4 16 Fabricators 2 | . . . . . . . . . . . . . . 2 . . Repair Stations 5 | . . . . . . . . 1 . . . 2 . . 2 . Recycling Units 3 | . . . . 3 . . . . . . . . . . . . Scanalyzers . | . . . . . . . . . . . . . . . . . Garrison Access 8 | . . . . . . . . . . . . 2 3 . 3 . Terminal Hacks 31 | . . . . 2 4 2 . 3 . . . 2 9 . . 9 Record 3 | . . . . . . . . . . . . . 3 . . . Open Door 3 | . . . . . 1 . . . . . . . 1 . . 1 Open DSF 2 | . . . . . . . . 1 . . . 1 . . . . Level Access Points 1 | . . . . . . 1 . . . . . . . . . . Branch Access Points 1 | . . . . 1 . . . . . . . . . . . . Alert Level 8 | . . . . 1 2 1 . 1 . . . . 1 . . 2 Locate Traps 1 | . . . . . . . . . . . . . 1 . . . Disarm Traps 2 | . . . . . . . . 1 . . . . 1 . . . Maintenance Status 1 | . . . . . 1 . . . . . . . . . . . Recall Investigation 1 | . . . . . . . . . . . . 1 . . . . Recall Reinforcements 3 | . . . . . . . . . . . . . 2 . . 1 Activate Exoskeleton 5 | . . . . . . . . . . . . . . . . 5 Fabricator Hacks 2 | . . . . . . . . . . . . . . 2 . . Load Schematic 1 | . . . . . . . . . . . . . . 1 . . Build 1 | . . . . . . . . . . . . . . 1 . . Repair Station Hacks 1 | . . . . . . . . . . . . . . . 1 . Refit 1 | . . . . . . . . . . . . . . . 1 . Recycling Unit Hacks 2 | . . . . 2 . . . . . . . . . . . . Process 1 | . . . . 1 . . . . . . . . . . . . Retrieve Matter 1 | . . . . 1 . . . . . . . . . . . . Scanalyzer . | . . . . . . . . . . . . . . . . . Garrison Access Hacks 1 | . . . . . . . . . . . . . . . 1 . Unlock Access 1 | . . . . . . . . . . . . . . . 1 . Unauthorized Hacks 15 | . 1 1 . 2 1 . . 2 . . . 1 5 . . 2 Terminals 11 | . 1 1 . 2 1 . . 1 . . . . 3 . . 2 Botnet 10 | . 1 1 . 1 1 . . 1 . . . . 3 . . 2 Sabotage 1 | . . . . 1 . . . . . . . . . . . . Fabricators . | . . . . . . . . . . . . . . . . . Repair Stations 1 | . . . . . . . . 1 . . . . . . . . Mechanics 1 | . . . . . . . . 1 . . . . . . . . Recycling Units . | . . . . . . . . . . . . . . . . . Scanalyzers . | . . . . . . . . . . . . . . . . . Garrison Access 3 | . . . . . . . . . . . . 1 2 . . . Reprogram 2 | . . . . . . . . . . . . 1 1 . . . Watchers 1 | . . . . . . . . . . . . . 1 . . . Data Cores Recovered . | . . . . . . . . . . . . . . . . . Used . | . . . . . . . . . . . . . . . . . Hacking Detections 26 | . 1 1 . 1 2 2 . 2 . . . 3 4 1 4 5 Full Trace Events 10 | . . 1 . 1 . 1 . . . . . 2 . . 3 2 Feedback Events 1 | . . . . . . . . . . . . 1 . . . . Corruption 1 | . . . . . . . . . . . . 1 . . . . Feedback Blocked . | . . . . . . . . . . . . . . . . . Robot Schematics Acquired 3 | . . . . . . . . . . . . . 1 . 2 . Robots Built 1 | . . . . . . . . . . . . . . 1 . . Authchips . | . . . . . . . . . . . . . . . . . Time 62 | . . . . . . . . . . . . . . 62 . . Total Robot Build Rating 7 | . . . . . . . . . . . . . . 7 . . Part Schematics Acquired 9 | . . . . . . . . . . . . . 2 . 7 . Parts Built . | . . . . . . . . . . . . . . . . . Authchips . | . . . . . . . . . . . . . . . . . Time . | . . . . . . . . . . . . . . . . . Total Part Build Rating . | . . . . . . . . . . . . . . . . . Parts Repaired . | . . . . . . . . . . . . . . . . . Time . | . . . . . . . . . . . . . . . . . Parts Recycled . | . . . . . . . . . . . . . . . . . Recycled Matter 37 | . . . . 37 . . . . . . . . . . . . Retrieved Matter 37 | . . . . 37 . . . . . . . . . . . . Retrieved Components . | . . . . . . . . . . . . . . . . . Parts Scanalyzed . | . . . . . . . . . . . . . . . . . Part Schematics Acquired . | . . . . . . . . . . . . . . . . . Parts Damaged . | . . . . . . . . . . . . . . . . . Bothacking | -11 -10 -9 -9 -8 -8 -8 -6 -5 -4 -4 -4 -3 -3 -2 -2 -2 ------------ Run | Jun Mat Mat Min Mat Sto Rec Fac Fac Fac Upp Upp Res Qua Res Tes Sec Used RIF Installer . | . . . . . . . . . . . . . . . . . Robots Hacked 15 | . 1 1 1 . 1 . 1 . . . . 1 1 . 4 4 Non-combat 3 | . . . . . . . . . . . . . . . . 3 Combat 12 | . 1 1 1 . 1 . 1 . . . . 1 1 . 4 1 Robot Hacks Applied 22 | . 1 1 1 . 2 . 2 . . . . 1 2 . 8 4 parse_system 1 | . . . . . . . . . . . . . . . . 1 check_alert 1 | . . . . . . . . . . . . . . . . 1 find_terminals 1 | . . . . . . . . . . . . . . . . 1 find_scanalyzer 4 | . . . . . . . . . . . . . 1 . 2 1 report_analyses 3 | . . . . . . . . . . . . . 1 . 2 . find_shortcuts 8 | . 1 1 1 . 1 . 1 . . . . 1 . . 2 . find_garrison 4 | . . . . . 1 . 1 . . . . . . . 2 . Relay Couplers Released . | . . . . . . . . . . . . . . . . . Fabnet Peak Effective % . | . . . . . . . . . . . . . . . . . Robots Rewired 3 | . . . . . . . . . . . . . . . 3 . Allies Hacked . | . . . . . . . . . . . . . . . . . Hacks Repelled . | . . . . . . . . . . . . . . . . . Allies | -11 -10 -9 -9 -8 -8 -8 -6 -5 -4 -4 -4 -3 -3 -2 -2 -2 -------- Run | Jun Mat Mat Min Mat Sto Rec Fac Fac Fac Upp Upp Res Qua Res Tes Sec Total Allies 12 | . . . 1 . . . . 1 . . 5 . . 1 4 . Largest Group 3 | . . . 1 . . . . 1 1 1 2 . . 1 3 . Highest-Rated Group 310 | . . . 31 . . . . 12 12 12 112 . . 93 310 . Highest-Rated Ally 152 | . . . 31 . . . . 12 12 12 56 . . 93 152 . Total Orders . | . . . . . . . . . . . . . . . . . Ally Attacks 69 | . . . 2 . . . . 3 . 5 16 . . . 43 . Total Damage 4137 | . . . 20 . . . . 45 . 33 893 . . 174 2972 . Kills 16 | . . . . . . . . 2 . . . . . . 14 . Allies Corrupted . | . . . . . . . . . . . . . . . . . Allies Melted . | . . . . . . . . . . . . . . . . . Intel | -11 -10 -9 -9 -8 -8 -8 -6 -5 -4 -4 -4 -3 -3 -2 -2 -2 ------- Run | Jun Mat Mat Min Mat Sto Rec Fac Fac Fac Upp Upp Res Qua Res Tes Sec Robot Analysis Total 12 | . 1 1 1 1 1 . 1 . . . . 1 2 . 2 1 Derelict Logs Recovered 2 | . . . . . . . . . . 1 1 . . . . . Drone Launches . | . . . . . . . . . . . . . . . . . Drone Recoveries . | . . . . . . . . . . . . . . . . . Exploration | -11 -10 -9 -9 -8 -8 -8 -6 -5 -4 -4 -4 -3 -3 -2 -2 -2 ------------- Run | Jun Mat Mat Min Mat Sto Rec Fac Fac Fac Upp Upp Res Qua Res Tes Sec Turns Passed 6913 | . 163 1075 183 281 197 335 474 214 54 777 846 571 325 443 732 243 Spaces Moved 5024 | 1 167 279 172 318 184 275 387 156 28 388 502 573 359 327 495 413 Core 1783 | 1 70 1 14 87 1 . 5 63 28 388 502 422 59 . 124 18 Treads 409 | . . 229 29 . . . . . . . . 151 . . . . Legs 1268 | . . . . . 88 275 163 . . . . . 175 327 240 . Wheels 219 | . . . . 124 95 . . . . . . . . . . . Hover 1198 | . . . 129 107 . . 219 93 . . . . 125 . 130 395 Flight 147 | . 97 49 . . . . . . . . . . . . 1 . Fastest Speed 37 | 50 37 40 50 50 50 120 50 56 200 200 50 50 50 100 50 50 Average Speed 100 | 50 42 138 88 70 98 120 82 115 200 200 136 78 76 100 80 56 Slowest Speed 200 | 50 50 160 160 80 120 120 120 200 200 200 200 160 100 100 120 60 Overloaded Moves . | . . . . . . . . . . . . . . . . . Propulsion Burnouts . | . . . . . . . . . . . . . . . . . Robots Hopped 1 | . 1 . . . . . . . . . . . . . . . Cave-ins Triggered . | . . . . . . . . . . . . . . . . . Exploration Rate (%) 35 | 2 37 26 36 38 38 72 16 9 1 63 68 25 60 13 58 36 Regions Visited 16 Branch Regions 8 Pre-discovered Areas 2 | . . . . . . . . . . 1 1 . . . . . Known Exits Taken 16 | 1 1 1 1 1 1 1 1 1 1 1 1 1 1 1 1 . Unknown Exits Taken . | . . . . . . . . . . . . . . . . . Scrap Searched 4 | . . . . . . . . . . . 4 . . . . . Spaces Dug 2 | . . . . . . . . . . . . 2 . . . . Terrain Destroyed 272 | . . . 115 128 . . 5 . . . . 7 . 14 3 . Melee . | . . . . . . . . . . . . . . . . . Projectile 10 | . . . . . . . . . . . . 7 . . 3 . AOE 262 | . . . 115 128 . . 5 . . . . . . 14 . . Terrain Rammed 1 | . . . . . . . . . . . . 1 . . . . Walls Destroyed . | . . . . . . . . . . . . . . . . . Machines Disabled . | . . . . . . . . . . . . . . . . . Actions | -11 -10 -9 -9 -8 -8 -8 -6 -5 -4 -4 -4 -3 -3 -2 -2 -2 --------- Run | Jun Mat Mat Min Mat Sto Rec Fac Fac Fac Upp Upp Res Qua Res Tes Sec Total 6258 | . 216 899 187 348 189 280 441 173 27 390 586 621 390 415 677 419 Wait 687 | . . 586 2 . 1 6 3 . . 3 4 11 2 58 11 . Move 5007 | . 164 278 171 317 183 274 386 155 27 387 501 572 358 327 494 413 Hop 1 | . 1 . . . . . . . . . . . . . . . Pick Up 1 | . . . . . . . . . . . . . 1 . . . Fast Attach . | . . . . . . . . . . . . . . . . . Attach . | . . . . . . . . . . . . . . . . . Detach . | . . . . . . . . . . . . . . . . . Swap . | . . . . . . . . . . . . . . . . . Drop 5 | . . . . . . . . . . . . . 3 . 2 . Fire 378 | . 51 34 14 25 5 . 48 6 . . . 37 21 28 109 . Melee 6 | . . . . . . . . . . . . . . . . 6 Ram 6 | . . . . 5 . . . . . . . 1 . . . . Kick 8 | . . . . . . . 1 . . . . . 5 2 . . Crush 1 | . . 1 . . . . . . . . . . . . . . Escape Stasis 22 | . . . . . . . . . . . . . . . 22 . Rewire 40 | . . . . 1 . . . . . . . . . . 39 . Trap . | . . . . . . . . . . . . . . . . . Miscellaneous 96 | . . . . . . . 3 12 . . 81 . . . . . Route ------- -11/Junkyard -10/Materials -9/Materials -9/Mines (discovered 2 exits: *Mat x2) -8/Materials (discovered 2 exits: *Fac / *Sto) -8/Storage -8/Recycling -6/Factory -5/Factory -4/Factory -4/Upper Caves -4/Upper Caves -3/Research -3/Quarantine -2/Research -2/Testing (discovered 2 exits: *Sec / Gar) -2/Section 7 History --------- Turn | Location | Event 1 | -11/Junkyard | Identified exit to Materials 1 | -11/Junkyard | Discovered exit to Materials (range 0) 1 | -11/Junkyard | Entered Materials 158 | -10/Materials | Core integrity fell below 50% 159 | -10/Materials | Identified exit to Materials 159 | -10/Materials | Discovered exit to Materials (range 15) 164 | -10/Materials | Entered another Materials area 187 | -9/Materials | Lost 3 parts (1p1n1w) 1114 | -9/Materials | Identified exit to Mines 1114 | -9/Materials | Discovered exit to Mines (range 16) 1239 | -9/Materials | Entered Mines 1244 | -9/Mines | Received a Mining Laser from a helpful Derelict 1256 | -9/Mines | Assembled infested the area 1259 | -9/Mines | Met a Derelict bent on vengeance 1259 | -9/Mines | Identified exit to Materials 1259 | -9/Mines | Discovered exit to Materials (range 10) 1320 | -9/Mines | Found a hidden stash of uninstalled traps 1335 | -9/Mines | Discovered exit to Materials (range 12) 1345 | -9/Mines | Received a Rocket Launcher from a helpful Derelict 1346 | -9/Mines | Destroyed 14 combat bots 1422 | -9/Mines | Entered Materials 1430 | -8/Materials | Identified exit to Storage 1570 | -8/Materials | Core integrity fell below 50% 1655 | -8/Materials | Identified exit to Factory 1655 | -8/Materials | Discovered exit to Factory (range 14) 1703 | -8/Materials | Entered Storage 1897 | -8/Storage | Used back door to open Recycling access 1897 | -8/Storage | Identified exit to Recycling 1897 | -8/Storage | Discovered exit to Recycling (range 4) 1900 | -8/Storage | Entered Recycling 2173 | -8/Recycling | Identified exit to Factory 2235 | -8/Recycling | Entered Factory 2457 | -6/Factory | Garrison activated, responded to threat 2639 | -6/Factory | Identified exit to Factory 2639 | -6/Factory | Discovered exit to Factory (range 13) 2709 | -6/Factory | Entered another Factory area 2711 | -5/Factory | Identified exit to DSF 2813 | -5/Factory | Lost 5 parts (2n1u2w) 2897 | -5/Factory | Identified exit to Factory 2897 | -5/Factory | Discovered exit to Factory (range 8) 2923 | -5/Factory | Entered another Factory area 2923 | -4/Factory | Accompanied by 1 ally 2963 | -4/Factory | Identified exit to Upper Caves 2963 | -4/Factory | Discovered exit to Upper Caves (range 7) 2977 | -4/Factory | Entered Upper Caves 2977 | -4/Upper Caves | Accompanied by 1 ally 3042 | -4/Upper Caves | Learned location of Armory (-3) 3722 | -4/Upper Caves | Identified exit to Upper Caves 3722 | -4/Upper Caves | Discovered exit to Upper Caves (range 16) 3754 | -4/Upper Caves | Entered another Upper Caves area 4133 | -4/Upper Caves | Spotted B-86 Titan 4586 | -4/Upper Caves | Identified exit to Research 4586 | -4/Upper Caves | Discovered exit to Research (range 5) 4600 | -4/Upper Caves | Entered Research 4656 | -3/Research | Identified exit to DSF 4764 | -3/Research | Spotted B-86 Titan 4766 | -3/Research | Took control of B-86 Titan 5066 | -3/Research | Spotted B-86 Titan 5101 | -3/Research | Destroyed B-86 Titan 5122 | -3/Research | Spotted B-86 Titan 5163 | -3/Research | Identified exit to Quarantine 5163 | -3/Research | Discovered exit to Quarantine (range 15) 5171 | -3/Research | Entered Quarantine 5249 | -3/Quarantine | Met incapacitated Sigix Warrior 5249 | -3/Quarantine | Lockdown squad dispatched 5251 | -3/Quarantine | Acquired the access code to the Sigix quarantine chamber 5252 | -3/Quarantine | Unlocked Sigix quarantine chamber 5274 | -3/Quarantine | Spotted Lightning 5275 | -3/Quarantine | Spotted Lightning 5275 | -3/Quarantine | Spotted Lightning 5276 | -3/Quarantine | Took control of Lightning 5417 | -3/Quarantine | Cryocooling Duct disabled 5432 | -3/Quarantine | Ambient heat levels rising (+20) 5432 | -3/Quarantine | Non-combat units ordered to evacuate 5467 | -3/Quarantine | Identified exit to Research 5467 | -3/Quarantine | Discovered exit to Research (range 9) 5496 | -3/Quarantine | Entered Research 5563 | -2/Research | Spotted B-90 Cyclops 5689 | -2/Research | Fabricated A-27 Freighter (x1) 5934 | -2/Research | Identified exit to Testing 5934 | -2/Research | Discovered exit to Testing (range 5) 5939 | -2/Research | Entered Testing 5987 | -2/Testing | Spotted PG-QN04FBSEZ5 6024 | -2/Testing | Rewired PG-QN04FBSEZ5 6040 | -2/Testing | Spotted Alpha 7 6047 | -2/Testing | Scanned by Researcher 6058 | -2/Testing | Destroyed Alpha 7 6073 | -2/Testing | Rewired I6-64N(K) 6076 | -2/Testing | Rewired YL-5F1(K) 6196 | -2/Testing | Lost 3 parts (1p2u) 6214 | -2/Testing | Spotted Lightning 6216 | -2/Testing | Took control of PG-QN04FBSEZ5 (ally) 6218 | -2/Testing | Destroyed Lightning 6260 | -2/Testing | Spotted Striker 6261 | -2/Testing | Spotted Striker 6282 | -2/Testing | Spotted Alpha 7 6284 | -2/Testing | Destroyed Striker 6294 | -2/Testing | Destroyed Striker 6305 | -2/Testing | Destroyed Alpha 7 6509 | -2/Testing | Identified exit to Garrison 6545 | -2/Testing | Garrison activated, responded to threat 6549 | -2/Testing | Core integrity fell below 50% 6631 | -2/Testing | Core integrity fell below 20% 6635 | -2/Testing | Spotted Fortress 6669 | -2/Testing | Identified exit to Section 7 6669 | -2/Testing | Discovered exit to Section 7 (range 5) 6671 | -2/Testing | Entered Section 7 6780 | -2/Section 7 | Spotted Executioner 6781 | -2/Section 7 | Spotted Executioner 6808 | -2/Section 7 | Spotted B-99 Colossus 6859 | -2/Section 7 | Spotted Executioner 6859 | -2/Section 7 | Spotted Executioner 6913 | -2/Section 7 | Spotted Alpha 7 6913 | -2/Section 7 | Spotted Alpha 7 6914 | -2/Section 7 | Destroyed by Alpha 7 with Multirail Last Messages --------------- Investigation squad. 06860_ Penetrated by Slug. 06862_ Machine disabled. 06863_ Penetrated by Slug. 06863_ Hover Unit destroyed. 06866_ Penetrated by Slug. 06866_ Lgt. Ion Engine destroyed. 06886_ Jacked W-44 Eye... >>parse_system Reading system data... 06891_ Sneak attack on C-65 Expert. 06891_ Jacked C-65 Expert... >>find_scanalyzer Pinpointed nearest Scanalyzer: (69,94) (added to intel). 06906_ K-01 Serf cleans the Thrusters. 06914_ Slug penetrates Thrusters. 06914_ Penetrated by Slug. 06914_ Critical hit (Destroy). 06914_ Hover Unit destroyed. 06914_ Penetrated by Slug. Map ----- +----------------------------------------------------+ | ???????????????# #????" " " " | | ???????????????# #????" " " | | ???????????????# #????" " | | ???????????????# #????" """""" " | | ???????????????# !#????" "????"""" " | | ???????????????######????" """""" | | ?????????????????????????" | | ?????????????????????????" | | ?????????????????????????" """""" | | ?????????????????????????" "????"""" | | ?????????????????????????" """""" """ | | ?????????????????????????" "? | | ?????????????????????????" """" | | ?????????????????????????" " | | ?????????????????????????" " | | ?????????????????????????" " | | ?????????????????????????" "" | | ????????????????????????#" """" | | ????????????????????????# "??" "" | | ????????????????????????#" """" "" """ | | ????????????????????????#"" """ | | ????????????????????????#"""R " " "" | | ????????????????????????#""" """" " | | ????????????????????????#""" "?" """ "" | | ??????????????????##### # "?"""" | | ?????????????# 7o " | | ?????????????# / | | ?????????????# / """"" | | ?????????????# h / R u ????" | | ?????????????# #####7# ????" | | ?????????????? ??????###""" ?????" | | ????????????????????????#""" ????? | | ????????????????????????#""" ?????? | | ?????????????????????????"" ??????? | | ??????????????????????????? ???????? | | ??????????????????????????? """""????????? | | ???????????????????????????? "????????????? | | ?????????????????????????????##?????????????? ##? | | ?????????????????????????????????????????????????? | | ?????????????????????????????????????????????????? | | ?????????????????????????????????????????????????? | | ?????????????????????????????????????????????????? | | ?????????????????????????????????????????????????? | | ?????????????????????????????????????????????????? | | ?????????????????????????????????????????????????? | | ?????????????????????????????????????????????????? | | ?????????????????????????????????????????????????? | | ?????????????????????????????????????????????????? | | ?????????????????????????????????????????????????? | | ?????????????????????????????????????????????????? | +----------------------------------------------------+ Best States ------------- Heat Dissipation 154 Coolant Potential 80 Energy Generation 68 Energy Capacity 550 Matter Stores 300 Matter Capacity 500 Sight Range 16 Terrain Scan Density 10 Power Amplification 30 EM Shielding 2 Corruption Containment 12 Corruption Block 20 Armor Coverage 1200 Resistance: KI 60 Resistance: TH 65 Resistance: EX 85 Resistance: EM 100 Resistance: I 60 Resistance: S 35 Resistance: P 35 Weapon Shielding 66 Weapon Cycling 30 Phase Shifting 20 Evasion (%) 75 Targeting Accuracy 12 Launcher Accuracy 20 Target Analysis 5 Recoil Reduction 4 Particle Charging 25 Offensive Hacking 30 Item Schematics ----------------- Helical Railgun | -3/Quarantine | Archive Cld. Antigrav System | -3/Quarantine | Archive Enh. Biometal Leg | -2/Testing | Archive Imp. Energy Well | -2/Testing | Archive Diametric Drive | -2/Testing | Archive Imp. Matter Compressor | -2/Testing | Archive Exp. Energy Well | -2/Testing | Archive Stealth Drone Bay | -2/Testing | Archive Adv. Plasma Rifle | -2/Testing | Archive Robot Schematics ------------------ A-27 Freighter | -3/Quarantine | Archive L-61 Swordsman | -2/Testing | Archive R-06 Scavenger | -2/Testing | Archive Fabricated ------------ A-27 Freighter | x1 | -2/Research Alien Tech Used ----------------- None Achievements -------------- Desperate Times Dodgeball, But With Guns Challenges ------------ None Polymind | -11 -10 -9 -9 -8 -8 -8 -6 -5 -4 -4 -4 -3 -3 -2 -2 -2 ---------- Run | Jun Mat Mat Min Mat Sto Rec Fac Fac Fac Upp Upp Res Qua Res Tes Sec Hosts 15 | . 1 1 1 1 1 . 1 . . . . 1 2 . 5 1 Combat Hostiles 9 | . 1 1 1 . 1 . 1 . . . . 1 1 . 2 . Allies 1 | . . . . . . . . . . . . . . . 1 . Unique Host Classes 11 | . 1 1 1 1 1 . 1 . . . . 1 1 . 2 1 Average Host Suspicion 66 | . 100 76 37 92 73 55 83 80 5 20 29 99 83 92 86 90 Unsuspicious Activity 1006 | . . 596 130 47 24 . 20 100 . . . 2 20 . 25 42 Returns to Shadow 1 | . . 1 . . . . . . . . . . . . . . Fuzzy Dispatches . | . . . . . . . . . . . . . . . . . Protomatter Created 2588 | . 40 103 100 64 51 . 46 36 . 5 91 265 104 270 1413 . Used 865 | . 6 23 40 5 34 . 40 . . . . 250 173 . 289 5 Decayed 1272 | . . 35 42 19 . . . . . . . 129 . 67 980 . Highest Spend 250 | . 6 23 40 5 34 . 40 . . . . 250 133 . 92 5 Top 5 Hosts by Kills: D-53 Grenadier (-9/Mines: 23) Lightning (-3/Quarantine: 16) Y-45 Defender (-9/Materials: 12) PG-QN04FBSEZ5 (-2/Testing: 10) B-86 Titan (-3/Research: 9) Game ------ Seed InsulationTitaniumGenerator Manual? 0 Play Time 00:55:41 Cumulative 400.4 hours Start 2023.06.25 @ 11:32:02 End 2023.06.25 @ 12:24:52 Sessions 1 Manual Loads 0 Difficulty Explorer Special Mode Winter2022/Polymind Game No. 297 Rogue 88 Adventurer 76 Explorer 133 Win Type - Total 20 Types 18/0/1/0/0/0/0/1/0 Lore% 66 Gallery% 85 Achievement% 69 Wizard Run 0 Options --------- ASCII 0 Keyboard 1 Movement Numpad Keybinds 0 Fullscreen 2 Font 18/SmallcapsGlow Map View 76x50 Tactical HUD 1 Map Filters NONE Filters NONE Steam 1 RUN: ea0ac230-4f99-498f-9ec3-c139dc33c348